 Dungeon Crawl Stone Soup version 0.28-a0-48-gfd831c5874 (webtiles) character file.

Game seed: 10103374714863656675

2 flotson the Sneak (level 1, -3/18 HPs)
             Began as a Demonspawn Delver on July 29, 2021.
             Slain by an orc (6 damage)
             ... on level 4 of the Dungeon.
             The game lasted 00:00:51 (187 turns).

flotson the Sneak (Demonspawn Delver)                Turns: 187, Time: 00:00:52

Health: -3/18      AC:  3    Str: 12    XL:     1   Next: 25%
Magic:  1/1        EV: 11    Int: 11    God:
Gold:   0          SH:  0    Dex: 14    Spells: 0/0 levels left

rFire   . . .      SeeInvis .   a - +0 hand axe
rCold   . . .      Faith    .   (no shield)
rNeg    . . .      Spirit   .   b - +0 leather armour
rPois   .          Reflect  .   (no helmet)
rElec   .          Harm     .   (no cloak)
rCorr   .          Rampage  .   (no gloves)
Will    .....                   (no boots)
Stlth   ++........              (no amulet)
HPRegen 0.06/turn               (no ring)
MPRegen 0.07/turn               (no ring)

@: no status effects
A: no striking features
a: no special abilities


You were on level 4 of the Dungeon.
You visited 1 branch of the dungeon, and saw 2 of its levels.

Inventory:

Hand Weapons
 a - a +0 hand axe (weapon)
Armour
 b - a +0 leather armour (worn)
Wands
 g - a wand of digging (3)
 h - a wand of polymorph (5)
 i - a wand of flame (20)
Scrolls
 c - a scroll of fog
 d - a scroll of magic mapping
 e - a scroll of fear


   Skills:
 + Level 3.0 Fighting
 + Level 1.8 Axes
 + Level 0.1 Armour
 + Level 1.8 Dodging
 - Level 4.5 Stealth


You couldn't memorise any spells.
You didn't know any spells.
Your spell library was empty.

Dungeon Overview and Level Annotations

Branches:
Dungeon (5/15)
 Temple: D:4-7

Altars:


Message History

You hit the orc but do no damage. The orc hits you with a +0 mace.
The orc barely misses you.
You barely miss the orc. You hit the orc.
The orc is heavily wounded.
The orc hits you but does no damage.
You barely miss the orc.
The orc is heavily wounded.
The orc completely misses you.
You slash the orc!
You kill the orc!
You hit the orc.
The orc is lightly wounded.
The orc hits you but does no damage. x2
You barely miss the orc.
The orc is lightly wounded.
The orc hits you with a +0 mace.
You are too injured to fight recklessly!
You are too injured to fight recklessly!
You are too injured to fight recklessly!
You are too injured to fight recklessly!
You feel yourself speed up. The orc hits you with a +0 mace!
* * * LOW HITPOINT WARNING * * *
Found a stone staircase leading down.
A ball python comes into view.
Found 2 metallic white potions.
Found a stone staircase leading up.
You start resting.
Your extra speed is starting to run out.
You start resting.
An orc is nearby!
You hit the orc.
The orc is heavily wounded.
The orc hits you but does no damage.
You barely miss the orc.
The orc is heavily wounded.
You closely miss the orc.
The orc is heavily wounded.
You feel yourself slow down. The orc hits you with a +0 mace.
You die...

#.###+## #.#
.S.!... #.###
<...... +...#
....... #.#.#
.......####+##.#.#
.......#.o...#.# #
.......#o###.#.#.#
.......#@# #.....#
.........# ##..###
.......### #..#
....... #.>#
....... ####
....... .......
....... .......


You could see 2 orcs.

Vanquished Creatures
  An orc (D:4)
1 creature vanquished.

Notes
Turn   | Place    | Note
-------+----------+-------------------------------------------
     0 | D:5      | flotson the Demonspawn Delver began the quest for the Orb.
     0 | D:5      | Reached XP level 1. HP: 18/18 MP: 1/1
    14 | D:5      | Noticed an iguana
    77 | D:4      | Noticed a steam dragon
   187 | D:4      | Slain by an orc

Illustrated notes

Levels and vault maps discovered:
D:4:      layout_basic, serial_glass, glass_columns_a, glass_columns_c,
          glass_columns_a, glass_columns_a, glass_columns_a, glass_columns_a
D:5:      layout_cave_pools, grunt_ministairs_13

Action                   || total
-------------------------++-------
Melee: Hand axe          ||    12
  Use: Scroll            ||     1
       Potion            ||     1
Armor: Leather armour    ||     5
Dodge: Dodged            ||     3

Table legend: (Time is in decaauts)
 A = Elapsed time spent in this place.
 B = Non-inter-level travel time spent in this place.
 C = Inter-level travel time spent in this place.
 D = Time resting spent in this place.
 E = Time spent auto-exploring this place.
 F = Levels seen in this place.
 G = Mean time per level.
                   A        B        C        D        E       F      G
               +--------+--------+--------+--------+--------+-----+--------+
         Total |    173 |    173 |      0 |      8 |     55 |   2 |   86.5 |
       Dungeon |    173 |    173 |      0 |      8 |     55 |   2 |   86.5 |
               +--------+--------+--------+--------+--------+-----+--------+

Top non-repeatable levels by time:
     D:4: 129 daAuts
     D:5: 44 daAuts
